 Dungeon Crawl Stone Soup version 0.20.2-3-g29329e0561 (webtiles) character file.

193 Alfie the Skirmisher (level 5, -4/47 HPs)
             Began as a Hill Orc Fighter on Sept 6, 2022.
             Slain by Alfie's ghost (6 damage)
             ... on level 4 of the Dungeon.
             The game lasted 00:06:52 (2471 turns).

Alfie the Skirmisher (Hill Orc Fighter)             Turns: 2471, Time: 00:06:53

Health: -4/47      AC:  8    Str: 20    XL:     5   Next: 72%
Magic:  5/5        EV: 12    Int:  8    God:
Gold:   120        SH: 10    Dex: 15    Spells: 4/4 levels left

rFire    . . .     SeeInvis .   a - +0 rapier
rCold    . . .     Gourm    .   c - +0 shield
rNeg     . . .     Faith    .   b - +0 scale mail
rPois    .         Spirit   .   (no helmet)
rElec    .         Reflect  .   (no cloak)
rCorr    .         Harm     .   j - +0 pair of gloves
MR       .....                  (no boots)
Stlth    +.........             (no amulet)
Regen    0.2/turn               (no ring)
MPRegen  0.1/turn               (no ring)

@: agile, flying
A: no striking features
a: no special abilities


You were on level 4 of the Dungeon.
You were not hungry.

You visited 1 branch of the dungeon, and saw 4 of its levels.

You collected 120 gold pieces.

Inventory:

Hand Weapons
 a - a +0 rapier (weapon)
Armour
 b - a +0 scale mail (worn)
 c - a +0 shield (worn)
 j - a +0 pair of gloves (worn)
Jewellery
 h - a cursed ring of teleportation {unknown}
 i - an uncursed amulet of faith
 m - a +4 amulet of reflection {unknown}
 s - a cursed +1 ring of slaying {unknown}
Scrolls
 e - 6 scrolls of remove curse
 k - a scroll of identify
 p - a scroll of fog
Potions
 d - a potion of might
 o - a potion of mutation {unknown}
 q - a potion of lignification {unknown}
 r - a potion of berserk rage {unknown}
Comestibles
 f - 4 bread rations
 t - 3 fruits


   Skills:
 + Level 4.4 Fighting
 + Level 3.7 Short Blades
 + Level 4.2 Armour
 + Level 0.4 Dodging
 + Level 0.1 Stealth
 + Level 4.3 Shields


You had 4 spell levels left.
You didn't know any spells.

Dungeon Overview and Level Annotations

Branches:
Dungeon (4/15)
 Temple: D:4-7

Altars:
The Shining One

Annotations:
D:4 Alfie's ghost, amateur HOFi


Message History

Alfie's ghost is lightly damaged.
You block Alfie's ghost's attack.
You barely miss Alfie's ghost.
Alfie's ghost is lightly damaged.
Alfie's ghost hits you.
* * * LOW HITPOINT WARNING * * *
It was a potion of flight.
You feel very buoyant.
You fly up into the air.
Alfie's ghost closely misses you.
You closely miss Alfie's ghost.
Alfie's ghost is lightly damaged.
You block Alfie's ghost's attack.
You hit Alfie's ghost.
Alfie's ghost is moderately damaged.
Alfie's ghost hits you.
* * * LOW HITPOINT WARNING * * *
You hit Alfie's ghost.
Alfie's ghost is moderately damaged.
Alfie's ghost hits you.
You die...

...... ##.#..
#....# #...<#
##....# #....#
##...##
#..W..#
##.#@..#
##..#...#
#..###...#
##.## .....
#..# .......
####.##
#......
#####....#
......
####......#..#
...###
#.....#####..#


You could see Alfie's ghost.

Vanquished Creatures
  An orc wizard (D:3)
  3 gnolls (D:4)
  4 adders
  An ooze (D:1)
  4 worms
  7 dart slugs
  3 leopard geckos
  6 orcs
  4 giant cockroaches
  3 goblins (D:3)
  7 hobgoblins
  2 jackals (D:1)
  A quokka (D:2)
  7 bats
  A frilled lizard (D:2)
  7 kobolds
  5 rats
66 creatures vanquished.

Vanquished Creatures (others)
  An orc (D:3)
1 creature vanquished.

Grand Total: 67 creatures vanquished

Notes
Turn   | Place    | Note
-------+----------+-------------------------------------------
     0 | D:1      | Alfie the Hill Orc Fighter began the quest for the Orb.
     0 | D:1      | Reached XP level 1. HP: 19/19 MP: 1/1
   143 | D:1      | Reached XP level 2. HP: 23/27 MP: 2/2
   340 | D:1      | Reached XP level 3. HP: 33/33 MP: 3/3
  1198 | D:2      | Reached XP level 4. HP: 21/40 MP: 4/4
  1594 | D:3      | Found a glowing golden altar of the Shining One.
  1926 | D:3      | Reached XP level 5. HP: 28/47 MP: 5/5
  2419 | D:4      | HP: 2/47 [gnoll/spear (8)]
  2454 | D:4      | Noticed Alfie's ghost (amateur HOFi)
  2470 | D:4      | HP: 2/47 [Alfie's ghost (2)]
  2471 | D:4      | Slain by Alfie's ghost

Skill      XL: |  1  2  3  4  5 |
---------------+----------------+-----
Fighting       | 4 |  4.4
Short Blades   | 3 |  3.7
Shields        | 4 |  4.3
Armour         | 4 |  4.2
Dodging        | |  0.4
Stealth        | |  0.1

Action                   |  1- 3 |  4- 6 || total
-------------------------+-------+-------++-------
Melee: Rapier            |   126 |   164 ||   290
  Use: Scroll            |     2 |     4 ||     6
       Potion            |       |     3 ||     3
  Eat: Bread ration      |     1 |       ||     1
       Fruit             |       |     1 ||     1
Armor: Scale mail        |    42 |    53 ||    95
Dodge: Dodged            |    30 |    42 ||    72
Block: Shield            |    53 |    77 ||   130
